 Dungeon Crawl Stone Soup version 0.28.0 (webtiles) character file.

Game seed: 10327141393966827194

28611 Labrat the Thaumaturge (level 12, -13/101 HPs)
             Began as a Demigod Conjurer on Feb 7, 2022.
             Mangled by an orc knight (33 damage)
             ... on level 2 of the Orcish Mines on Feb 8, 2022.
             The game lasted 01:12:58 (13688 turns).

Labrat the Thaumaturge (Demigod Conjurer)          Turns: 13688, Time: 01:12:59

Health: -13/101    AC:  7    Str: 12    XL:     12   Next: 77%
Magic:  17/33      EV: 14    Int: 46    God:
Gold:   1145       SH:  0    Dex: 15    Spells: 14/36 levels left

rFire   . . .      SeeInvis .   X - +10 long sword "Inanny" {drain, rElec Will+ Int+4}
rCold   . . .      Faith    .   (no shield)
rNeg    . . .      Spirit   .   s - +1 robe of Ashenzari's Anger {rElec rPois rCorr Dex-5}
rPois   +          Reflect  .   C - +2 helmet
rElec   +          Harm     .   (no cloak)
rCorr   +          Rampage  .   W - +0 pair of gloves of Vanity {Str+4}
Will    +++..      Archmagi +   (no boots)
Stlth   ++........              h - amulet of magic regeneration
HPRegen 0.26/turn               y - ring "Dofim" {Will+ Str-4 Int+10 Dex+8}
MPRegen 0.63/turn               O - ring of the Mage {Wiz Archmagi}

@: no status effects
A: high MP 1, forlorn, divine attributes
a: no special abilities


You were on level 2 of the Orcish Mines.
You visited 3 branches of the dungeon, and saw 13 of its levels.
You also visited: Bailey and Gauntlet.

You collected 1145 gold pieces.

Inventory:

Hand Weapons
 P - a +4 morningstar of holy wrath
 T - a +6 vorpal trident
 X - the +10 long sword "Inanny" (weapon) {drain, rElec Will+ Int+4}
   (You took it off a minotaur in a Gauntlet)

   A truly terrible weapon, it drains the life of any living foe it strikes.
   Int:       It affects your intelligence (+4).
   rElec:     It insulates you from electricity.
   Will:      It increases your willpower.
Missiles
 u - 4 silver javelins
 D - 5 poisoned darts
 F - 5 throwing nets
 U - 10 curare-tipped darts
Armour
 s - the +1 robe of Ashenzari's Anger (worn) {rElec rPois rCorr Dex-5}
   (You found it on level 4 of the Dungeon)

   Dex:       It affects your dexterity (-5).
   rElec:     It insulates you from electricity.
   rPois:     It protects you from poison.
   rCorr:     It protects you from acid and corrosion.
 C - a +2 helmet (worn)
 W - the +0 pair of gloves of Vanity (worn) {Str+4}
   (You found it in a Gauntlet)

   Str:       It affects your strength (+4).
 Y - +2 pearl dragon scales
Jewellery
 h - an amulet of magic regeneration (around neck)
 r - a +6 ring of strength
 v - the ring "Witach" {rElec rN+ EV+4 Str+3}
   (You found it on level 5 of the Dungeon)

   [ring of evasion]

   EV:        It affects your evasion (+4).
   Str:       It affects your strength (+3).
   rElec:     It insulates you from electricity.
   rN:        It protects you from negative energy.
 w - the ring "Tugeuc" {rPois MP+9 Stlth+}
   (You found it in a Gauntlet)

   [ring of magical power]

   rPois:     It protects you from poison.
   MP:        It affects your magic capacity (+9).
   Stlth:     It makes you more stealthy.
 y - the ring "Dofim" (left hand) {Will+ Str-4 Int+10 Dex+8}
   (You found it on level 5 of the Dungeon)

   [ring of willpower]

   Str:       It affects your strength (-4).
   Int:       It affects your intelligence (+10).
   Dex:       It affects your dexterity (+8).
   Will:      It increases your willpower.
 O - the ring of the Mage (right hand) {Wiz Archmagi}
   (You found it in a bailey)

   [ring of wizardry]

   It improves your spell success rate.
   Archmagi:  It increases the power of your magical spells.
Wands
 G - a wand of mindburst (29)
 K - a wand of paralysis (9)
 L - a wand of iceblast (9)
 V - a wand of acid (10)
 Z - a wand of polymorph (4)
Scrolls
 a - a scroll of immolation {unknown}
 c - a scroll of amnesia
 d - 6 scrolls of teleportation
 e - 2 scrolls of brand weapon {unknown}
 g - a scroll of acquirement {unknown}
 i - a scroll of summoning {unknown}
 k - 2 scrolls of vulnerability {unknown}
 l - 2 scrolls of enchant armour {unknown}
 m - 5 scrolls of blinking
 o - 3 scrolls of torment
 p - 4 scrolls of fear
 q - a scroll of noise {unknown}
 t - 6 scrolls of fog
 x - a scroll of magic mapping
 M - a scroll of enchant weapon {unknown}
Potions
 f - 7 potions of might
 n - a potion of brilliance
 z - 2 potions of flight {unknown}
 A - a potion of resistance {unknown}
 B - 5 potions of curing {unknown}
 E - a potion of attraction {unknown}
 H - 4 potions of mutation
 I - 2 potions of lignification {unknown}
 J - 6 potions of haste {unknown}
 N - a potion of experience
 Q - 2 potions of cancellation {unknown}
 S - 2 potions of heal wounds {unknown}
Miscellaneous
 j - a tin of tremorstones (2/2)


   Skills:
 - Level 8.0 Fighting
 - Level 5.0 Dodging
 - Level 1.7 Stealth
 + Level 12.6 Spellcasting
 - Level 8.0 Conjurations
 - Level 2.0 Summonings
 - Level 2.0 Translocations
 + Level 6.8 Ice Magic
 - Level 5.0 Poison Magic
 - Level 5.0 Evocations


You had 14 spell levels left.
You knew the following spells:

 Your Spells              Type           Power      Damage    Failure   Level
a - Stone Arrow           Conj/Erth      100%       3d13      1%          3
b - Blink                 Tloc           100%       N/A       1%          2
c - Call Imp              Summ           63%        N/A       1%          2
e - Mephitic Cloud        Conj/Pois/Air  80%        N/A       1%          3
f - Fulminant Prism       Conj/Hex       39%        3d18      1%          4
i - Iskenderun's Mystic   Conj/Tloc      85%        2d17      1%          4
r - Olgreb's Toxic Radia  Pois           85%        N/A       1%          4

Your spell library contained the following spells:

 Spells                   Type           Power      Damage    Failure   Level
 Apportation              Tloc           100%       N/A       1%          1
 Magic Dart               Conj           100%       1d8       1%          1
 Shock                    Conj/Air       100%       1d9       1%          1
 Searing Ray              Conj           100%       2d8       1%          2
 Dazzling Flash           Conj/Hex       100%       N/A       1%          3
 Gell's Gravitas          Tloc           63%        N/A       1%          3
 Lesser Beckoning         Tloc           63%        N/A       1%          3
 Summon Guardian Golem    Hex/Summ       55%        N/A       1%          3
 Swiftness                Air            43%        N/A       1%          3
 Teleport Other           Tloc           63%        N/A       1%          3
 Animate Armour           Summ/Erth      100%       N/A       2%          4
 Alistair's Intoxication  Tmut/Pois      44%        N/A       3%          5
 Manifold Assault         Tloc           63%        N/A       4%          5
 Starburst                Conj/Fire      39%        6d11      11%         6
 Orb of Destruction       Conj           50%        9d13      12%         7
 Ozocubu's Refrigeration  Ice            47%        4d14      17%         7
 Spellforged Servitor     Conj/Summ      42%        N/A       36%         7
 Lehudib's Crystal Spear  Conj/Erth      39%        10d10     98%         8
 Ignition                 Fire           21%        3d8       100%        8
 Maxwell's Capacitive Co  Air            21%        ∞         100%        8


Dungeon Overview and Level Annotations

Branches:
Dungeon (10/15)            Temple (0/1) D:6            Lair (1/6) D:9
    Orc (2/2) D:10            Elf (0/3) Orc:2        Bailey (visited)
Gauntlet (visited)

Shops:
D:4 :   D:5 *[=   D:10 :

Portals:
Abyss: D:10

Annotations:
D:10 2 transporters, brob1's ghost, journeyman MiBe


Innate Abilities, Weirdness & Mutations

You have an increased reservoir of magic. (+10% MP)
You shall have no god before yourself.
Your divine heritage dramatically boosts your attributes as you level up.


Message History

The orc knight is poisoned.
The orc is poisoned.
The orc priest is poisoned.
You kill the orc!
The orc knight roars a battlecry!
The orc priest goes into a battle-frenzy!
The orc priest is poisoned.
The orc knight looks even sicker.
The orc high priest shouts, "You must be punished!"
Unknown command.
An orc warrior comes into view. It is wielding a +0 mace.
The orc warrior shouts!
The orc warrior is poisoned.
The orc priest looks even sicker.
You hear a shout!
You kill the orc priest!
The orc high priest looks even sicker.
The orc knight looks even sicker.
The orc warrior looks even sicker.
The orc high priest calls down the wrath of Beogh upon you.
Beogh smites you!
The orc warrior looks even sicker.
Your toxic aura wanes.
An orc high priest comes into view. It is wielding a +0 mace.
The orc knight roars a battlecry!
The orc warrior goes into a battle-frenzy!
The orc warrior closely misses you.
An orc warrior comes into view. It is wielding a +0 battleaxe.
The orc high priest moves out of view.
The orc warrior misses you.
Unknown command.
You kill the orc knight!
The orc warrior misses you.
You see here a +0 dagger.
Unknown command.
The orc high priest shouts!
You hear a shout!
The orc priest mumbles some strange prayers to Beogh against you.
Beogh smites you!
* * * LOW HITPOINT WARNING * * *
The orc warrior completely misses you.
You hear a shout!
The orc priest looks more healthy.
The orc high priest prays to Beogh.
The orc knight hits you with a +0 battleaxe!!
You die...

,,*,,,,,,,...........#####
,,,,,,,,,,........#### *****
,,,,....,.........## **,*,**
...................# ****,,,,,*
..............##..##**,*,..*,**
.......o.....###.## *,..#.#***
..................# **....##
..........#......###*,..$..###
...........#o)..@#.###.....#.##
.....o.....oo..oo.).##........###
..........3#.).......>#.##.#.###.
...........#.............##...#..
#..##################o...........
^#.# *###** #..o.......O. ...#
*#..,,***** #............ .#.#
*#..**,,,,,** #...#........ ##.#
*..**,,,,,,,** #....#.......


You could see an orc knight (strong, very poisoned), 2 orc high priests, a
neqoxec (summoned), 2 orc warriors, an orc priest (strong) and an orc wizard
(strong).

Vanquished Creatures
  2 orc warlords
  A minotaur (Gauntlet)
  Harold (D:7)
  3 two-headed ogres
  Erica (Orc:1)
  6 death yaks (Gauntlet)
  An orc high priest (Orc:2)
  Sonja (D:10)
  2 wizards (Gauntlet)
  A necromancer (Gauntlet)
  4 orc knights (Orc:2)
  5 orc sorcerers (Orc:2)
  A black mamba (Lair:1)
  Joseph (D:7)
  A komodo dragon (Lair:1)
  Psyche (D:10)
  4 trolls (Orc:1)
  A hornet (D:8)
  Grinder (D:4)
  A wyvern (D:8)
  21 yaks
  5 wargs
  4 vampire mosquitoes (D:10)
  A water moccasin (Lair:1)
  23 orc warriors
  A sky beast (D:8)
  A necrophage (D:6)
  4 wolves (Lair:1)
  4 centaurs (D:7)
  4 ogres
  A phantom (D:5)
  A kobold brigand (D:10)
  3 bullfrogs
  A gnoll sergeant (D:10)
  A scorpion (D:6)
  A wyvern zombie (D:8)
  A water moccasin zombie (D:6)
  A wyvern skeleton (D:6)
  5 wights
  15 killer bees
  2 bullfrog zombies
  2 centaur zombies
  2 centaur skeletons
  14 orc priests
  A jelly (D:6)
  3 gnoll shamans
  3 hounds
  A bullfrog skeleton (D:4)
  17 orc wizards
  A killer bee zombie (D:8)
  A howler monkey zombie (D:8)
  16 gnolls
  4 adders
  4 shadow imps (Gauntlet)
  4 white imps
  An adder skeleton (D:4)
  A worm (D:4)
  7 dart slugs
  57 orcs
  6 endoplasms
  3 giant cockroaches
  6 goblins
  6 hobgoblins
  3 jackals (D:2)
  3 quokkas
  6 ball pythons
  4 bats
  A frilled lizard (D:3)
  24 kobolds
  5 rats
  A fulminant prism (D:9)
346 creatures vanquished.

Vanquished Creatures (collateral kills)
  A hound (D:6)
1 creature vanquished.

Vanquished Creatures (others)
  4 fulminant prisms
  4 fungi (Lair:1)
  10 withered plants (D:8)
18 creatures vanquished.

Grand Total: 365 creatures vanquished

Notes
Turn   | Place    | Note
-------+----------+-------------------------------------------
     0 | D:1      | Labrat the Demigod Conjurer began the quest for the Orb.
     0 | D:1      | Reached XP level 1. HP: 14/14 MP: 5/5
   299 | D:1      | Reached skill level 2 in Spellcasting
   310 | D:1      | Reached XP level 2. HP: 17/22 MP: 1/7
   697 | D:1      | Reached skill level 1 in Fighting
   992 | D:1      | Reached XP level 3. HP: 28/28 MP: 5/8
   995 | D:1      | Learned a level 2 spell: Searing Ray
  3471 | D:4      | Found Far Iss's Book Shop.
  3505 | D:4      | Reached XP level 4. HP: 21/35 MP: 10/10
  3786 | D:4      | Reached XP level 5. HP: 36/41 MP: 10/12
  3838 | D:4      | Reached skill level 5 in Conjurations
  3906 | D:4      | Reached skill level 3 in Spellcasting
  4007 | D:4      | Identified the +1 robe of Ashenzari's Anger {rElec rPois
                  | rCorr Dex-5}
  4035 | D:4      | Noticed Grinder
  4311 | D:5      | Entered Level 5 of the Dungeon
  4421 | D:5      | Identified the ring "Witach" {rElec rN+ EV+4 Str+3}
  4613 | D:5      | Noticed an ogre
  4637 | D:5      | Found Qiawiycw's Assorted Antiques.
  4649 | D:5      | Killed an ogre
  4650 | D:5      | Reached XP level 6. HP: 51/51 MP: 10/14
  4910 | D:5      | Identified the ring "Dofim" {Will+ Str-4 Int+10 Dex+8}
  4957 | D:5      | Found Reteavot's Armour Shoppe.
  4958 | D:5      | Found Leiloh Dauc's Jewellery Boutique.
  5283 | D:6      | Reached skill level 4 in Spellcasting
  5608 | D:6      | Found a staircase to the Ecumenical Temple.
  5616 | D:6      | Learned a level 3 spell: Mephitic Cloud
  5619 | D:6      | Learned a level 2 spell: Call Imp
  5891 | D:6      | Reached skill level 1 in Poison Magic
  5891 | D:6      | Reached XP level 7. HP: 59/59 MP: 12/17
  6161 | D:6      | Reached skill level 5 in Spellcasting
  6166 | D:6      | Learned a level 4 spell: Iskenderun's Mystic Blast
  6466 | D:7      | Noticed Joseph
  6488 | D:7      | Noticed Harold
  6505 | D:6      | Learned a level 4 spell: Olgreb's Toxic Radiance
  6578 | D:7      | Killed Harold
  6579 | D:7      | Reached skill level 5 in Fighting
  6579 | D:7      | Reached skill level 6 in Spellcasting
  6579 | D:7      | Reached XP level 8. HP: 43/68 MP: 7/21
  6582 | D:7      | Learned a level 2 spell: Blink
  6704 | D:7      | Identified the +1 robe of Birdsong {-Tele rElec Str+7}
  6781 | D:7      | Reached skill level 7 in Spellcasting
  7337 | D:7      | Killed Joseph
  7444 | D:7      | Reached skill level 8 in Spellcasting
  7444 | D:7      | Reached XP level 9. HP: 66/74 MP: 20/25
  8292 | D:4      | Killed Grinder
  8473 | D:8      | Noticed a two-headed ogre
  8499 | D:8      | Killed a two-headed ogre
  9109 | D:8      | Reached skill level 5 in Dodging
  9204 | D:8      | Reached skill level 5 in Poison Magic
  9204 | D:8      | Reached XP level 10. HP: 59/86 MP: 21/26
  9690 | D:9      | Found a flagged portal.
  9704 | D:9      | Learned a level 4 spell: Fulminant Prism
  9705 | Bailey   | Entered a bailey
  9723 | Bailey   | Noticed an orc warlord
  9723 | Bailey   | Found the ring of the Mage {Wiz Archmagi}
  9816 | Bailey   | Found a runed translucent gate.
  9818 | Bailey   | Found a runed translucent gate.
  9820 | Bailey   | Found a runed translucent gate.
  9838 | Bailey   | Reached skill level 1 in Summonings
 10078 | Bailey   | Killed an orc warlord
 10159 | Bailey   | Got the Compendium of Blistering Air
 10226 | D:9      | Noticed a two-headed ogre
 10244 | D:9      | Killed a two-headed ogre
 10396 | D:9      | Reached skill level 5 in Evocations
 10887 | D:9      | Found a staircase to the Lair.
 10935 | D:10     | Entered Level 10 of the Dungeon
 10935 | D:10     | Found Ujebenke's Book Emporium.
 10969 | D:10     | Found a transporter.
 10972 | D:10     | Found a one-way gate to the infinite horrors of the Abyss.
 10972 | D:10     | Noticed brob1's ghost (journeyman MiBe)
 10981 | D:10     | Found a transporter.
 10986 | D:10     | Noticed a toenail golem
 11043 | D:10     | Noticed Psyche
 11053 | D:10     | Killed Psyche
 11058 | D:10     | Reached XP level 11. HP: 94/94 MP: 11/28
 11059 | D:10     | Found a staircase to the Orcish Mines.
 11463 | D:10     | Noticed Sonja
 11470 | D:10     | Killed Sonja
 11471 | D:10     | Reached skill level 9 in Spellcasting
 12069 | Lair:1   | Entered Level 1 of the Lair of Beasts
 12133 | Lair:1   | Noticed a six-headed hydra
 12143 | D:9      | Learned a level 3 spell: Stone Arrow
 12194 | Orc:1    | Entered Level 1 of the Orcish Mines
 12194 | Orc:1    | Noticed Erica
 12202 | Orc:1    | Killed Erica
 12203 | Orc:1    | Reached skill level 10 in Spellcasting
 12520 | Orc:2    | Entered Level 2 of the Orcish Mines
 12521 | Orc:2    | Noticed a two-headed ogre
 12525 | Orc:2    | Noticed an orc knight
 12531 | Orc:2    | Killed a two-headed ogre
 12554 | Orc:2    | Found a staircase to the Elven Halls.
 12572 | Orc:2    | Found a gate leading to a gauntlet.
 12581 | Gauntlet | Entered a Gauntlet
 12581 | Gauntlet | Noticed a wizard
 12581 | Gauntlet | Found a transporter.
 12625 | Gauntlet | Found a transporter.
 12645 | Gauntlet | Found a transporter.
 12665 | Gauntlet | Found a transporter.
 12665 | Gauntlet | Noticed an obsidian statue
 12675 | Gauntlet | Noticed a death yak
 12675 | Gauntlet | Noticed a death yak
 12675 | Gauntlet | Noticed a death yak
 12676 | Gauntlet | Noticed a death yak
 12678 | Gauntlet | Found a transporter.
 12682 | Gauntlet | Found a transporter.
 12686 | Gauntlet | Found a transporter.
 12687 | Gauntlet | Found a transporter.
 12708 | Gauntlet | Noticed a death yak
 12708 | Gauntlet | Noticed a death yak
 12708 | Gauntlet | Noticed a death yak
 12708 | Gauntlet | Noticed a necromancer
 12709 | Gauntlet | Noticed a death yak
 12710 | Gauntlet | Noticed a death yak
 12712 | Gauntlet | Noticed a death yak
 12716 | Gauntlet | Found a transporter.
 12716 | Gauntlet | Found a transporter.
 12716 | Gauntlet | Found a transporter.
 12727 | Gauntlet | Found a transporter.
 12731 | Gauntlet | Noticed a wizard
 12847 | Gauntlet | Killed a wizard
 12848 | Gauntlet | Reached skill level 5 in Ice Magic
 12852 | Gauntlet | Killed a wizard
 12896 | Gauntlet | Identified the +0 pair of gloves of Vanity {Str+4}
 12913 | Gauntlet | Killed a necromancer
 12933 | Gauntlet | Killed a death yak
 12934 | Gauntlet | Reached XP level 12. HP: 101/101 MP: 19/31
 12937 | Gauntlet | Reached skill level 11 in Spellcasting
 12944 | Gauntlet | Identified the ring "Tugeuc" {rPois MP+9 Stlth+}
 12965 | Gauntlet | Identified the +10 long sword "Inanny" {drain, rElec Will+
                  | Int+4}
 12965 | Gauntlet | Noticed a minotaur
 12983 | Gauntlet | Killed a minotaur
 13477 | Orc:2    | Reached skill level 12 in Spellcasting
 13477 | Orc:2    | Noticed an orc warlord
 13544 | Orc:2    | Killed an orc warlord
 13688 | Orc:2    | Mangled by an orc knight

Illustrated notes

Levels and vault maps discovered:
D:1:      minmay_arrival_solitary_statue, layout_loops_ring,
          serial_co_window_serial, co_window_corner_a, co_window_paths_a,
          co_window_of_opportunity_a, co_window_paths_b, co_window_paths_b,
          co_window_paths_a, co_window_corner_b, co_window_paths_c,
          co_window_2corner, co_window_unsneaky_path_e, co_window_4corner_b,
          co_window_paths_d, glass_columns_a, glass_columns_a, glass_columns_b,
          shapermc_ecumenical_altar_notcrosses
D:2:      layout_basic, basic_altar, lemuel_old_faithful
D:3:      layout_basic, minmay_misc_feat_rows, minmay_cupped
D:4:      layout_rooms, serial_shops, shop_fountains, uniq_grinder
D:5:      layout_basic, mainiacjoe_overflow_boulevard, serial_shops,
          kennysheep_little_box, nicolae_wooded_promenade
D:6:      layout_loops_corners, minmay_temple_entry_stoned_glass
D:7:      nicolae_whirlpool, layout_basic, mainiacjoe_overflow_24_doors,
          marbit_many_paths, mainiacjoe_overflow_six_doors_small,
          nicolae_overflow_hidden_temple, general_overflow_altar, uniq_joseph,
          uniq_harold
D:8:      layout_loops_ring, kiku_gazebo_garden_becter, bloody_makhleb,
          minmay_ruined_shrine
D:9:      layout_basic, lair_entry_dummy, enter_bailey_2, dk_vineyard_1
D:10:     layout_loops_ring, grunt_qazlal_clouds, minmay_orc_entry_temple_small,
          serial_shops, nicolae_stop_n_shop_2, gammafunk_ghost_abyssal_escape,
          grunt_ministairs_8, uniq_sonja, uniq_psyche
Lair:1:   layout_loops_ring
Orc:1:    layout_caves, uniq_erica
Orc:2:    st_orc_elflike, layout_caves, gauntlet_entry_generic

Skill      XL: |  1  2  3  4  5  6  7  8  9 10 11 12 |
---------------+-------------------------------------+-----
Spellcasting   | 2 3 4 6 8 10 12 | 12.6
Conjurations   | 4 5 6 8 |  8.0
Fighting       | 1 2 3 4 5 7 8 |  8.0
Poison Magic   | 1 3 5 |  5.0
Translocations | 2 |  2.0
Dodging        | 2 5 |  5.0
Summonings     | 2 |  2.0
Evocations     | 5 |  5.0
Ice Magic      | 5 6 |  6.8
Stealth        | |  1.7

Action                   |  1- 3 |  4- 6 |  7- 9 | 10-12 || total
-------------------------+-------+-------+-------+-------++-------
Melee: Dagger            |    40 |    37 |   107 |    46 ||   230
       Unarmed           |     2 |       |       |       ||     2
       Punch             |     1 |     1 |     2 |       ||     4
       Trident           |       |       |       |    33 ||    33
       Long sword        |       |       |       |    15 ||    15
Throw: Dart              |       |       |       |     6 ||     6
 Cast: Magic Dart        |    70 |    78 |    40 |    15 ||   203
       Searing Ray       |       |     5 |    25 |     8 ||    38
       Call Imp          |       |     1 |     2 |       ||     3
       Mephitic Cloud    |       |       |    14 |    32 ||    46
       Olgreb's Toxic Ra |       |       |    15 |    74 ||    89
       Blink             |       |       |    11 |    10 ||    21
       Iskenderun's Myst |       |       |     4 |    40 ||    44
       Fulminant Prism   |       |       |       |     5 ||     5
       Stone Arrow       |       |       |       |    24 ||    24
Evoke: Wand              |       |       |       |     1 ||     1
  Use: Scroll            |       |       |       |    13 ||    13
       Potion            |       |       |       |     1 ||     1
 Stab: Confused          |       |       |     3 |     5 ||     8
       Invisible         |       |       |       |     2 ||     2
Armor: Robe              |     8 |     5 |    20 |    17 ||    50
Dodge: Dodged            |    25 |    33 |   125 |    63 ||   246
